 Dungeon Crawl Stone Soup version 0.28-a0-1594-ga885d4b3d6 (webtiles) character file.

Game seed: 1674426260001220649

4261 esteth the Basher (level 10, -1/70 (76) HPs)
             Began as a Gnoll Wanderer on Jan 20, 2022.
             Was a High Priest of Okawaru.
             Slain by a polar bear (17 damage)
             ... on level 9 of the Dungeon.
             The game lasted 00:22:16 (12391 turns).

esteth the Basher (Gnoll Wanderer)                 Turns: 12391, Time: 00:22:17

HP:   -1/70 (76)    AC:  8    Str: 14    XL:     10   Next: 31%
MP:   18/18         EV: 14    Int: 13    God:    Okawaru [*****.]
Gold: 395           SH:  0    Dex: 12    Spells: 19/20 levels left

rFire   + . .      SeeInvis .   J - +3 scythe of Vueb {vorpal, rC+ Stlth+}
rCold   + . .      Faith    .   (shield currently unavailable)
rNeg    . . .      Spirit   .   c - +0 leather armour
rPois   .          Reflect  .   s - +0 helmet
rElec   .          Harm     .   o - +2 cloak
rCorr   .          Rampage  .   (no gloves)
Will    .....                   (no boots)
Stlth   ++++......              (no amulet)
HPRegen 0.21/turn               v - ring of protection from fire
MPRegen 0.16/turn               (no ring)

@: drained
A: fangs 1, strong nose, distributed training
a: Renounce Religion, Heroism, Finesse, Duel


You were on level 9 of the Dungeon.
You worshipped Okawaru.
Okawaru was extremely pleased with you.
You visited 1 branch of the dungeon, and saw 9 of its levels.

You collected 395 gold pieces.

Inventory:

Hand Weapons
 a - a +2 mace
 C - a +1 war axe of electrocution
 H - a +2 halberd of freezing
 J - the +3 scythe of Vueb (weapon) {vorpal, rC+ Stlth+}
   (You found it on level 7 of the Dungeon)

   It inflicts extra damage upon your enemies.
   rC:        It protects you from cold.
   Stlth:     It makes you more stealthy.
Missiles
 d - 5 datura-tipped darts
 y - 2 atropa-tipped darts
Armour
 c - a +0 leather armour (worn)
 o - a +2 cloak (worn)
 s - a +0 helmet (worn)
Magical Staves
 h - a staff of fire
 k - a staff of death
Jewellery
 b - a ring of ice
 j - a ring of positive energy
 q - a ring of fire
 v - a ring of protection from fire (left hand)
 G - an amulet of reflection
Wands
 x - a wand of flame (15)
 F - a wand of polymorph (5)
Scrolls
 f - a scroll of magic mapping
 p - 4 scrolls of vulnerability
 r - a scroll of fog
 u - a scroll of blinking
 w - a scroll of amnesia
Potions
 g - a potion of brilliance
 i - 3 potions of flight
 m - a potion of might
 n - 2 potions of mutation
 t - a potion of curing
 z - 3 potions of lignification
 I - a potion of cancellation {unknown}


   Skills:
 + Level 5.8 Fighting
 + Level 5.1 Short Blades
 + Level 5.1 Long Blades
 + Level 5.1 Axes
 + Level 10.0 Maces & Flails
 + Level 5.1 Polearms
 + Level 5.1 Staves
 + Level 5.1 Slings
 + Level 5.1 Bows
 + Level 5.1 Crossbows
 + Level 5.1 Throwing
 + Level 5.1 Armour
 + Level 8.4 Dodging
 + Level 5.1 Stealth
 + Level 5.1 Shields
 + Level 5.1 Unarmed Combat
 + Level 5.9 Spellcasting
 + Level 4.2 Conjurations
 + Level 4.2 Hexes
 + Level 4.2 Summonings
 + Level 4.2 Necromancy
 + Level 4.8 Translocations
 + Level 4.2 Transmutations
 + Level 4.2 Fire Magic
 + Level 4.2 Ice Magic
 + Level 4.2 Air Magic
 + Level 4.2 Earth Magic
 + Level 4.2 Poison Magic
 + Level 5.6 Invocations
 + Level 5.1 Evocations


You had 19 spell levels left.
You knew the following spells:

 Your Spells              Type           Power      Damage    Failure   Level
a - Apportation           Tloc           32%        N/A       2%          1

Your spell library contained the following spells:

 Spells                   Type           Power      Damage    Failure   Level
 Teleport Other           Tloc           16%        N/A       9%          3
 Fireball                 Conj/Fire      7%         3d5       69%         5
 Iskenderun's Battlesphe  Conj           15%        2d7       69%         5
 Conjure Ball Lightning   Conj/Air       7%         3x3d6     99%         6
 Orb of Destruction       Conj           7%         9d6       100%        7


Dungeon Overview and Level Annotations

Branches:
Dungeon (9/15)             Temple (0/1) D:5            Lair (0/6) D:8
    Orc: D:9-12

Altars:
Fedhas
Kikubaaqudgha
Okawaru
Trog
Vehumet
Wu Jian
Zin

Shops:
D:1 =

Annotations:
D:4 1 runed translucent door, Crazy Yiuf
D:9 Maurice


Innate Abilities, Weirdness & Mutations

You have very sharp teeth.
Your uncanny sense of smell can sniff out nearby items.
Your experience applies equally to all skills.


Message History

The ice beast freezes you! You resist.
Reach: J) +3 scythe of Vueb {vorpal, rC+ Stlth+}
Press: ? - help, Dir - move target, f/p - polar bear
Aim: a polar bear (heavily wounded, about 35% to evade the +3 scythe of Vueb)
The ice beast is in the way.
You hit the ice beast but do no damage.
The ice beast is heavily wounded.
The ice beast completely misses you. The ice beast hits you.
The ice beast freezes you. You resist.
Reach: J) +3 scythe of Vueb {vorpal, rC+ Stlth+}
Press: ? - help, Dir - move target, f/p - polar bear
Aim: a polar bear (heavily wounded, about 35% to evade the +3 scythe of Vueb)
The ice beast is in the way.
You slash the ice beast!
You kill the ice beast!
Okawaru accepts your kill.
Reach: J) +3 scythe of Vueb {vorpal, rC+ Stlth+}
Press: ? - help, Dir - move target, f/p - polar bear
Aim: a polar bear (heavily wounded, about 35% to evade the +3 scythe of Vueb)
You hit the polar bear.
The polar bear is severely wounded.
The polar bear bites you.
The polar bear claws you but does no damage.
The polar bear closely misses you.
Reach: J) +3 scythe of Vueb {vorpal, rC+ Stlth+}
Press: ? - help, Dir - move target, f/p - polar bear
Aim: a polar bear (severely wounded, about 35% to evade the +3 scythe of Vueb)
You hit the polar bear.
The polar bear is severely wounded.
The polar bear bites you.
The polar bear claws you but does no damage.
The polar bear claws you.
The polar bear goes berserk!
Reach: J) +3 scythe of Vueb {vorpal, rC+ Stlth+}
Press: ? - help, Dir - move target, f/p - polar bear
Aim: a polar bear (severely wounded, berserk, about 35% to evade the +3 scythe of Vueb)
You closely miss the polar bear. Your bite misses the polar bear.
The polar bear is severely wounded.
The polar bear bites you! The polar bear completely misses you.
The polar bear claws you.
* * * LOW HITPOINT WARNING * * *
The polar bear bites you!
You die...

#.. #..# # #########. #..###..#∆
.. #......... #...#...#
.#####......... #...#...#
'..##........# ##.......##
#.##........# ##.........##
##..#........#
##...8...8...#####.............
##.............##...##.........#
#_..8...⌠...8..@hZ..##.....##.##
##.............##..###.....#..##
##...8...8...###### ##......###
##.........##+#### #...Z.##
##.......##...z.# #.....#
#...#...#...Kz.+ >......
#...#...#...KKK#
#..###..#......# #.. #..#>.....#


You could see a polar bear (berserk) and a howler monkey simulacrum.

Vanquished Creatures
  Sigmund (D:7)
  A steam dragon (D:6)
  Edmund (D:7)
  A water moccasin (D:6)
  4 ice beasts
  An orc warrior (D:7)
  2 sky beasts
  2 black bears
  3 ogres
  A necrophage (D:7)
  4 centaurs
  A phantom (D:5)
  A kobold brigand (D:9)
  2 bullfrogs
  3 scorpions (D:5)
  2 wyvern zombies (D:6)
  A water moccasin zombie (D:6)
  3 water moccasin skeletons
  12 wights
  A howler monkey (D:8)
  A bullfrog zombie (D:7)
  A centaur zombie (D:5)
  2 bullfrog skeletons
  6 hounds
  A centaur skeleton (D:7)
  2 orc priests
  4 iguanas
  6 orc wizards
  A hound skeleton (D:4)
  2 howler monkey zombies (D:8)
  Robin (D:2)
  3 gnolls
  A howler monkey skeleton (D:5)
  10 adders
  2 white imps
  3 ufetubi
  A worm (D:3)
  9 dart slugs (D:3)
  8 orcs
  5 bats
  9 endoplasms
  7 giant cockroaches
  17 goblins
  8 hobgoblins
  9 kobolds
  2 quokkas
  5 ball pythons
  2 frilled lizards
  6 rats
181 creatures vanquished.

Vanquished Creatures (others)
  An orc (D:8)
  3 plants (D:7)
4 creatures vanquished.

Grand Total: 185 creatures vanquished

Notes
Turn   | Place    | Note
-------+----------+-------------------------------------------
     0 | D:1      | esteth the Gnoll Wanderer began the quest for the Orb.
     0 | D:1      | esteth set off with the following items: a +2 mace, a +0
                  | helmet, a +0 leather armour; and the following spell
                  | memorised: Apportation; and the following spells available
                  | to memorise: Teleport Other
     0 | D:1      | Reached XP level 1. HP: 17/17 MP: 4/4
   280 | D:1      | Found Irang's Jewellery Emporium.
   333 | D:1      | Reached XP level 2. HP: 23/23 MP: 5/5
  1037 | D:2      | Reached XP level 3. HP: 28/28 MP: 7/7
  1271 | D:2      | Reached skill level 1 in Invocations
  1480 | D:2      | Reached skill level 1 in Short Blades
  1480 | D:2      | Reached skill level 1 in Long Blades
  1480 | D:2      | Reached skill level 1 in Axes
  1480 | D:2      | Reached skill level 1 in Polearms
  1480 | D:2      | Reached skill level 1 in Staves
  1480 | D:2      | Reached skill level 1 in Slings
  1480 | D:2      | Reached skill level 1 in Bows
  1480 | D:2      | Reached skill level 1 in Crossbows
  1480 | D:2      | Reached skill level 1 in Throwing
  1480 | D:2      | Reached skill level 1 in Armour
  1480 | D:2      | Reached skill level 1 in Stealth
  1480 | D:2      | Reached skill level 1 in Shields
  1480 | D:2      | Reached skill level 1 in Unarmed Combat
  1480 | D:2      | Reached skill level 1 in Evocations
  1520 | D:2      | Reached XP level 4. HP: 34/34 MP: 8/8
  1604 | D:2      | Noticed Robin
  1754 | D:2      | Killed Robin
  1755 | D:2      | Reached skill level 1 in Conjurations
  1755 | D:2      | Reached skill level 1 in Hexes
  1755 | D:2      | Reached skill level 1 in Summonings
  1755 | D:2      | Reached skill level 1 in Necromancy
  1755 | D:2      | Reached skill level 1 in Transmutations
  1755 | D:2      | Reached skill level 1 in Fire Magic
  1755 | D:2      | Reached skill level 1 in Ice Magic
  1755 | D:2      | Reached skill level 1 in Air Magic
  1755 | D:2      | Reached skill level 1 in Earth Magic
  1755 | D:2      | Reached skill level 1 in Poison Magic
  2533 | D:3      | Reached XP level 5. HP: 40/40 MP: 9/9
  2779 | D:3      | Found a faded altar of an unknown god.
  2828 | D:3      | Prayed at the altar of an unknown god.
  2828 | D:3      | Became a worshipper of Warmaster Okawaru
  2828 | D:3      | Reached * piety under Okawaru
  2948 | D:3      | Found an ornate altar of the Wu Jian Council.
  3487 | D:4      | Reached XP level 6. HP: 31/47 MP: 9/11
  4151 | D:4      | Reached XP level 7. HP: 28/52 MP: 12/12
  4506 | D:4      | Found a runed translucent door.
  4507 | D:4      | Noticed Crazy Yiuf
  4831 | D:5      | Entered Level 5 of the Dungeon
  4835 | D:5      | Found a staircase to the Ecumenical Temple.
  4884 | D:5      | Reached ** piety under Okawaru
  4972 | D:5      | Reached skill level 9 in Maces & Flails
  5274 | D:5      | Reached XP level 8. HP: 59/60 MP: 14/14
  7693 | D:6      | Reached XP level 9. HP: 66/66 MP: 16/16
  7712 | D:6      | Reached *** piety under Okawaru
  7717 | D:6      | HP: 3/66 [poisoned by a water moccasin]
  7719 | D:6      | HP: 1/66 [poisoned by a water moccasin]
  8298 | D:6      | Reached skill level 5 in Spellcasting
  8775 | D:6      | Reached skill level 5 in Fighting
  9822 | D:7      | Reached **** piety under Okawaru
  9823 | D:7      | Reached skill level 5 in Invocations
 10523 | D:7      | Noticed Edmund
 10525 | D:7      | Identified the +3 scythe of Vueb {vorpal, rC+ Stlth+}
 10536 | D:7      | Killed Edmund
 10537 | D:7      | Reached XP level 10. HP: 62/74 MP: 18/18
 10594 | D:7      | Noticed Sigmund
 10609 | D:7      | Killed Sigmund
 11230 | D:8      | Reached skill level 5 in Short Blades
 11230 | D:8      | Reached skill level 5 in Long Blades
 11230 | D:8      | Reached skill level 5 in Axes
 11230 | D:8      | Reached skill level 5 in Polearms
 11230 | D:8      | Reached skill level 5 in Staves
 11230 | D:8      | Reached skill level 5 in Slings
 11230 | D:8      | Reached skill level 5 in Bows
 11230 | D:8      | Reached skill level 5 in Crossbows
 11230 | D:8      | Reached skill level 5 in Throwing
 11230 | D:8      | Reached skill level 5 in Armour
 11230 | D:8      | Reached skill level 5 in Stealth
 11230 | D:8      | Reached skill level 5 in Shields
 11230 | D:8      | Reached skill level 5 in Unarmed Combat
 11230 | D:8      | Reached skill level 5 in Evocations
 11839 | D:8      | Reached skill level 10 in Maces & Flails
 11882 | D:9      | Found a bloodstained altar of Trog.
 12187 | D:9      | Found an ancient bone altar of Kikubaaqudgha.
 12187 | D:9      | Found a radiant altar of Vehumet.
 12196 | D:9      | Found a glowing silver altar of Zin.
 12196 | D:9      | Found a blossoming altar of Fedhas.
 12252 | D:9      | Reached ***** piety under Okawaru
 12355 | D:9      | Noticed a manticore
 12356 | D:9      | Noticed Maurice
 12391 | D:9      | Slain by a polar bear

Illustrated notes

Levels and vault maps discovered:
D:1:      erik_arrival_cave_to_civilisation [erik_arrival_cave_to_hall],
          layout_loops_ring, serial_shops, shop
D:2:      layout_loops_cross, nicolae_concentric_dashed_squares_mild,
          minmay_misc_feat_encased, uniq_robin
D:3:      kennysheep_slugbush, layout_loops_cross, nzn_wu_jian_council_hall,
          basic_ecumenical_altar
D:4:      layout_basic, uniq_crazy_yiuf_cottage
D:5:      nicolae_cairo_tiling_large, layout_layer_cave,
          minmay_temple_entry_trees, kennysheep_generic_room_14
D:6:      layout_basic
D:7:      layout_rooms, sigmund_edmund_badplayer
D:8:      minmay_evil_eye, layout_layer_cave, grunt_temple_overflow_opulence,
          mainiacjoe_overflow_alcove_2, dpeg_oklobed_lair
D:9:      layout_roguey, minmay_overflow_temple_star_hex, enter_bailey_2,
          serial_ice, serial_ice_e, serial_ice_o, serial_ice_f, serial_ice_h,
          uniq_maurice

Skill      XL: |  1  2  3  4  5  6  7  8  9 10 |
---------------+-------------------------------+-----
Translocations | 2 3 4 |  4.8
Invocations    | 1 2 3 4 5 |  5.6
Short Blades   | 1 2 3 4 5 |  5.1
Long Blades    | 1 2 3 4 5 |  5.1
Axes           | 1 2 3 4 5 |  5.1
Polearms       | 1 2 3 4 5 |  5.1
Staves         | 1 2 3 4 5 |  5.1
Slings         | 1 2 3 4 5 |  5.1
Bows           | 1 2 3 4 5 |  5.1
Crossbows      | 1 2 3 4 5 |  5.1
Throwing       | 1 2 3 4 5 |  5.1
Armour         | 1 2 3 4 5 |  5.1
Stealth        | 1 2 3 4 5 |  5.1
Shields        | 1 2 3 4 5 |  5.1
Unarmed Combat | 1 2 3 4 5 |  5.1
Evocations     | 1 2 3 4 5 |  5.1
Spellcasting   | 3 4 5 |  5.9
Conjurations   | 1 2 3 4 |  4.2
Hexes          | 1 2 3 4 |  4.2
Summonings     | 1 2 3 4 |  4.2
Necromancy     | 1 2 3 4 |  4.2
Transmutations | 1 2 3 4 |  4.2
Fire Magic     | 1 2 3 4 |  4.2
Ice Magic      | 1 2 3 4 |  4.2
Air Magic      | 1 2 3 4 |  4.2
Earth Magic    | 1 2 3 4 |  4.2
Poison Magic   | 1 2 3 4 |  4.2
Fighting       | 3 4 5 |  5.8
Dodging        | 7 8 |  8.4
Maces & Flails | 9 10 | 10.0

Action                   |  1- 3 |  4- 6 |  7- 9 | 10-12 || total
-------------------------+-------+-------+-------+-------++-------
Melee: Mace              |    84 |   193 |   176 |       ||   453
       Bite              |     5 |     9 |    40 |     8 ||    62
       Punch             |       |     3 |    14 |       ||    17
       War axe           |       |       |   220 |       ||   220
       Scythe            |       |       |     6 |   108 ||   114
Invok: Heroism           |       |       |     1 |       ||     1
Evoke: Wand              |       |       |    10 |       ||    10
  Use: Scroll            |     3 |       |     1 |    11 ||    15
       Potion            |       |       |     9 |     3 ||    12
 Stab: Sleeping          |     1 |     5 |     8 |     2 ||    16
Armor: Leather armour    |    22 |    58 |   139 |    69 ||   288
Dodge: Dodged            |    46 |   170 |   341 |   144 ||   701

Table legend: (Time is in decaauts)
 A = Elapsed time spent in this place.
 B = Non-inter-level travel time spent in this place.
 C = Inter-level travel time spent in this place.
 D = Time resting spent in this place.
 E = Time spent auto-exploring this place.
 F = Levels seen in this place.
 G = Mean time per level.
                   A        B        C        D        E       F      G
               +--------+--------+--------+--------+--------+-----+--------+
         Total |  12534 |  12329 |    205 |   4719 |   5512 |   9 | 1392.7 |
       Dungeon |  12534 |  12329 |    205 |   4719 |   5512 |   9 | 1392.7 |
               +--------+--------+--------+--------+--------+-----+--------+

Top non-repeatable levels by time:
     D:6: 2538 daAuts
     D:7: 1927 daAuts
     D:5: 1921 daAuts
     D:4: 1623 daAuts
     D:3: 1345 daAuts
     D:2: 1057 daAuts
     D:1: 1013 daAuts
     D:8: 561 daAuts
     D:9: 545 daAuts
